 Dungeon Crawl Stone Soup version 0.17-a0-702-gb3a3556 (console) character file.

22 MarvinPA the Chiller (level 2, -1/15 HPs)
             Began as a Deep Elf Ice Elementalist on Apr 18, 2015.
             Slain by Crazy Yiuf
             ... wielding a +3 quarterstaff of chaos
              (11 damage)
             ... on level 2 of the Dungeon on Apr 19, 2015.
             The game lasted 00:03:23 (1225 turns).

MarvinPA the Chiller (Deep Elf Ice Elementalist)    Turns: 1225, Time: 00:03:23

Health: -1/15      AC:  2    Str:  5    XL:     2   Next: 68%
Magic:  5/8        EV: 13    Int: 19    God:
Gold:   42         SH:  0    Dex: 15    Spells: 2 memorised, 4 levels left

rFire  . . .     SeeInvis .     (no weapon)
rCold  . . .     Clarity  .     a - +0 robe
rNeg   . . .     SustAb   .     (no shield)
rPois  .         Gourm    .     (no helmet)
rElec  .         Spirit   .     (no cloak)
rCorr  .         Warding  .     (no gloves)
rMut   .         Stasis   .     (no boots)
MR     .....                    (no amulet)
Stlth  ++........               (no ring)
                                h - ring of teleport control

@: not resistant to hostile enchantments, unstealthy
A: no striking features
a: Evoke Teleport Control


You were on level 2 of the Dungeon.
You were not hungry.

You visited 1 branch of the dungeon, and saw 2 of its levels.

You collected 42 gold pieces.


   Skills:
 - Level 2.4 Dodging
 - Level 2.4 Stealth
 - Level 3.4 Spellcasting
 + Level 1.4 Conjurations
 + Level 4.0 Ice Magic


You had 4 spell levels left.
You knew the following spells:

 Your Spells              Type           Power        Failure   Level  Hunger
x - Throw Frost           Conj/Ice       ##....       10%         2    ##.....
z - Freeze                Ice            ###.         3%          1    None

Inventory:

Armour
 a - a +0 robe (worn)
Jewellery
 h - a ring of teleport control (left hand)
Scrolls
 f - a scroll of noise {unknown}
 i - a scroll of recharging {unknown}
 j - a scroll of magic mapping {unknown}
 l - a scroll of remove curse {unknown}
 n - a scroll of random uselessness {unknown}
 o - a scroll of identify {unknown}
Potions
 e - a potion of curing {unknown}
 g - a potion of agility {unknown}
 m - a potion of brilliance {unknown}
Books
 b - a book of Frost

   Spells                             Type                      Level
   a - Freeze                         Ice                          1
   b - Throw Frost                    Conjuration/Ice              2
   c - Ozocubu's Armour               Charms/Ice                   3
   d - Throw Icicle                   Conjuration/Ice              4
   e - Summon Ice Beast               Ice/Summoning                4
   f - Condensation Shield            Ice                          4
Comestibles
 c - a bread ration
 d - 2 meat rations

Dungeon Overview and Level Annotations

Branches:
Dungeon (2/15)

Altars:
Nemelex Xobeh
Ru

Annotations:
D:2 Crazy Yiuf

..▒.▒...▒▒▒...▒.▒
........▒▒▒...▒.▒
▒▒g▒▒▒............ ▒.▒
▒..▒.▒..▒▒.▒
▒▒'▒▒▒.......▒▒.
.'_▒▒▒.▒..▒..▒▒.▒
▒▒+▒▒▒....▒..▒... ▒.▒
▒....▒..▒..▒▒▒▒▒▒▒.▒
▒▒.▒▒▒..▒.▒..▒..e........
....g..▒▒....▒..g.▒▒▒▒▒.▒
▒.▒▒▒▒...▒...▒....▒
▒........▒...▒....▒
▒▒▒▒▒▒...▒...▒....▒
▒...▒...▒....▒
▒...▒.)▒▒..▒▒▒▒▒▒▒
▒.....>............
▒▒▒▒▒▒▒▒▒▒▒▒▒▒▒▒▒▒


You could see Crazy Yiuf.


Message History

Magic restored.
Saving game... please wait.
Welcome back, MarvinPA the Deep Elf Ice Elementalist.
Done exploring.
Done exploring.
There is a stone staircase leading down here.
You climb downwards.
Level annotation: Crazy Yiuf Crazy Yiuf hits you with a quarterstaff of chaos.
There is a stone staircase leading up, spattered with blood here.
Aiming: Freeze
Aim: Crazy Yiuf, wielding a quarterstaff of chaos and wearing a cloak (moderately wounded)
You freeze Crazy Yiuf.
Crazy Yiuf is moderately wounded.
Crazy Yiuf misses you.
Unknown command.
Aiming: Freeze
Aim: Crazy Yiuf, wielding a quarterstaff of chaos and wearing a cloak (moderately wounded)
You freeze Crazy Yiuf.
Crazy Yiuf is severely wounded.
Crazy Yiuf yells, "Trifle Xom down!"
Crazy Yiuf closely misses you.
Unknown command.
Aiming: Freeze
Aim: Crazy Yiuf, wielding a quarterstaff of chaos and wearing a cloak (severely wounded)
You freeze Crazy Yiuf.
Crazy Yiuf is almost dead.
Crazy Yiuf hits you with a quarterstaff of chaos!
Ouch! That really hurt!
You die...

Action                   || total
-------------------------++-------
Melee: Unarmed           ||     4
 Cast: Freeze            ||    26
       Throw Frost       ||    12
  Eat: Chunk             ||     1

Vault maps used:
D:1:      dpeg_arrival_leaves_temple_mockup
D:2:      nicolae_ru_path_of_blood, lemuel_doored_altar, grunt_ministairs_13,
          minmay_misc_feat_iff, uniq_crazy_yiuf_cottage

Notes
Turn   | Place    | Note
--------------------------------------------------------------
     0 | D:1      | MarvinPA, the Deep Elf Ice Elementalist, began the quest for the Orb.
     0 | D:1      | Reached XP level 1. HP: 10/10 MP: 6/6
   291 | D:1      | Reached XP level 2. HP: 15/15 MP: 6/8
   313 | D:1      | Learned a level 2 spell: Throw Frost
   605 | D:1      | Reached skill level 4 in Ice Magic
  1010 | D:2      | Found a sparkling altar of Nemelex Xobeh.
  1053 | D:2      | Found a sacrificial altar of Ru.
  1116 | D:2      | Noticed Crazy Yiuf
  1217 | D:1      | Upgraded the game from 0.17-a0-670-g5d95ebd to 0.17-a0-702-gb3a3556
  1225 | D:2      | Slain by Crazy Yiuf

Vanquished Creatures
  A giant gecko (D:1)
  2 bats (D:1)
  5 goblins (D:1)
  4 hobgoblins (D:1)
  2 kobolds (D:1)
  2 giant newts
  4 rats (D:1)
20 creatures vanquished.
